 Dungeon Crawl Stone Soup version 0.30-a0-591-g3c58d2bc28 (webtiles) character file.

Game seed: 12810460009074018987

7 flotson the Sneak (level 1, -1/18 HPs)
             Began as a Demonspawn Delver on Jan 4, 2023.
             Slain by an orc
             ... wielding a +0 club
              (3 damage)
             ... on level 5 of the Dungeon.
             The game lasted 00:00:17 (25 turns).

flotson the Sneak (Demonspawn Delver)                 Turns: 25, Time: 00:00:18

Health: -1/18      AC:  3    Str: 12    XL:     1   Next: 83%
Magic:  1/1        EV: 11    Int: 11    God:
Gold:   0          SH:  0    Dex: 14    Spells: 0/0 levels left

rFire   . . .      SeeInvis .    a - +0 hand axe
rCold   . . .      Faith    .    (no shield)
rNeg    . . .      Spirit   .    b - +0 leather armour
rPois   .          Reflect  .    (no helmet)
rElec   .          Harm     .    (no cloak)
rCorr   .          Rampage  .    (no gloves)
Will    .....                    (no boots)
Stlth   ++                       (no amulet)
HPRegen 0.23/turn                (no ring)
MPRegen 0.07/turn                (no ring)

@: no status effects
A: no striking features
a: no special abilities


You were on level 5 of the Dungeon.
You visited 1 branch of the dungeon, and saw 2 of its levels.

Inventory:

Hand Weapons
 a - a +0 hand axe (weapon)
Armour
 b - a +0 leather armour (worn)
Wands
 g - a wand of digging (3)
Scrolls
 c - a scroll of fog
 d - a scroll of magic mapping
 e - a scroll of fear
Potions
 f - a potion of haste


   Skills:
 + Level 3.1 Fighting
 + Level 1.9 Axes
 + Level 0.2 Armour
 + Level 1.9 Dodging
 + Level 4.5 Stealth
 + Level 0.2 Evocations


You couldn't memorise any spells.
You didn't know any spells.
Your spell library was empty.

Dungeon Overview and Level Annotations

Branches:
Dungeon (5/15)
 Temple: D:4-7

Altars:


Message History

The orc completely misses you. The orc hits you but does no damage.
You hit the orc.
You kill the orc!
You closely miss the orc. x2; The orc hits you with a +0 club.
The orc hits you but does no damage.
You closely miss the orc.
The orc is moderately wounded.
You hit the orc but do no damage. The orc closely misses you.
The orc hits you with a +0 club.
You are too injured to fight recklessly!
You are too injured to fight recklessly!
You are too injured to fight recklessly!
You are too injured to fight recklessly!
You are too injured to fight recklessly!
You are too injured to fight recklessly!
The orc attacks as you move away! The orc closely misses you.
There is a stone staircase leading down here.
The orc hits you with a +0 club. The orc closely misses you.
You climb downwards.
There is a stone staircase leading up here.
You hit the orc but do no damage.
The orc is moderately wounded.
You hit the orc. The orc hits you but does no damage.
The orc barely misses you.
You hit the orc.
You kill the orc!
You hit the orc. The orc hits you with a +0 club.
* * * LOW HITPOINT WARNING * * *
The orc closely misses you.
You hit the orc but do no damage.
The orc is severely wounded.
The orc hits you but does no damage.
You hit the orc but do no damage.
The orc is severely wounded.
The orc hits you with a +0 club.
* * * LOW HITPOINT WARNING * * *
You closely miss the orc.
The orc is severely wounded.
The orc hits you with a +0 club.
You die...

...............
................
................
................
#..............
#..............
#...$.o........
#.....@........
#......>.......
#..............
+..............
+..............
+..............
#(.............
#######...#....
#...#....


You could see an orc.

Vanquished Creatures
  2 orcs
  A goblin (D:4)
  A hobgoblin (D:4)
4 creatures vanquished.

Notes
Turn   | Place    | Note
-------+----------+-------------------------------------------
     0 | D:5      | flotson the Demonspawn Delver began the quest for the Orb.
     0 | D:5      | Reached XP level 1. HP: 18/18 MP: 1/1
    11 | D:4      | Noticed an ogre
    25 | D:5      | Slain by an orc

Illustrated notes

Levels and vault maps discovered:
D:4:      layout_loops_ring, mainiacjoe_overflow_brackets,
          nicolae_gozag_zags_fifth_avenue, minmay_temple_entry_fiery,
          nicolae_ossuary_entry_false_entrances, minmay_stone_trees_small,
          uniq_ijyb
D:5:      layout_basic, mainiacjoe_overflow_big_doors

Action                   || total
-------------------------++-------
Melee: Hand axe          ||    13
Armor: Leather armour    ||     6
Dodge: Dodged            ||    10

Table legend: (Time is in decaauts)
 A = Elapsed time spent in this place.
 B = Non-inter-level travel time spent in this place.
 C = Inter-level travel time spent in this place.
 D = Time resting spent in this place.
 E = Time spent auto-exploring this place.
 F = Levels seen in this place.
 G = Mean time per level.
                   A        B        C        D        E       F      G
               +--------+--------+--------+--------+--------+-----+--------+
         Total |     27 |     27 |      0 |      0 |      0 |   2 |   13.5 |
       Dungeon |     27 |     27 |      0 |      0 |      0 |   2 |   13.5 |
               +--------+--------+--------+--------+--------+-----+--------+

Top non-repeatable levels by time:
     D:4: 19 daAuts
     D:5: 8 daAuts
